 Dungeon Crawl Stone Soup version 0.20-a0-983-g35de22d (webtiles) character file.

224 Murumi the Covert (level 6, -3/52 HPs)
             Began as a Naga Enchanter on Apr 10, 2017.
             Slain by a gnoll
             ... wielding a +0 halberd
              (13 damage)
             ... on level 3 of the Dungeon.
             The game lasted 00:13:57 (3247 turns).

Murumi the Covert (Naga Enchanter)                  Turns: 3247, Time: 00:13:58

Health: -3/52      AC:  2    Str: 11    XL:     6   Next: 0%
Magic:  10/10      EV: 10    Int: 15    God:
Gold:   63         SH:  0    Dex: 13    Spells: 8/11 levels left

rFire    . . .     SeeInvis +   i - +2 dagger (drain)
rCold    . . .     Gourm    .   (no shield)
rNeg     . . .     Faith    .   k - -1 robe (curse)
rPois    +         Spirit   .   (no helmet)
rElec    .         Reflect  .   (no cloak)
rCorr    .         Harm     .   (no gloves)
MR       .....                  (no barding)
Stlth    ++++......             (no amulet)
Regen    0.2/turn               (no ring)
MPRegen  0.2/turn               (no ring)

@: hasted, quick
A: see invisible, deformed body, poison resistance, slowness 2, slow metabolism
1, spit poison 1, AC +2
a: Spit Poison


You were on level 3 of the Dungeon.
You were not hungry.

You visited 1 branch of the dungeon, and saw 3 of its levels.

You collected 63 gold pieces.

Inventory:

Hand Weapons
 f - a +1 dagger of venom
 i - a +2 dagger of draining (weapon)
Armour
 b - a +0 robe
 e - a +2 robe of fire resistance
 k - a cursed -1 robe (worn)
Potions
 a - a potion of curing
 h - a potion of heal wounds {unknown}
Books
 c - a book of Maledictions

   Spells                             Type                      Level
   a - Corona                         Hexes                        1
   b - Ensorcelled Hibernation        Hexes/Ice                    2
   c - Confuse                        Hexes                        3
   d - Tukima's Dance                 Hexes                        3
   e - Dazzling Spray                 Conjuration/Hexes            3
Comestibles
 d - 3 bread rations
 j - a meat ration
 l - 10 chunks of flesh
 m - 4 fruits


   Skills:
 - Level 2.0 Fighting
 - Level 1.0 Short Blades
 - Level 2.0 Dodging
 + Level 8.0 Stealth
 - Level 3.0 Spellcasting
 - Level 3.0 Hexes


You had 8 spell levels left.
You knew the following spells:

 Your Spells              Type           Power        Failure   Level  Hunger
a - Corona                Hex            ##.....      8%          1    #......
b - Ensorcelled Hibernat  Hex/Ice        #.....       17%         2    ##.....


Dungeon Overview and Level Annotations

Branches:
Dungeon (3/15)

Altars:
Qazlal

Annotations:
D:3 Ijyb


Innate Abilities, Weirdness & Mutations

You cannot wear boots.
Your serpentine skin is tough. (AC +2)
You have supernaturally acute eyesight. (SInv)
Armour fits poorly on your strangely shaped body.
Your system is resistant to poisons. (rPois)
You cover ground very slowly.
You have a slow metabolism.
You can spit poison.


Message History

Magic restored.
You start resting.
A gnoll comes into view.
Things that are here:
a bat corpse; a jackal skeleton The gnoll shouts!
You hear an angry hiss.
Ijyb shouts!
The gnoll shouts!
The gnoll barely misses you.
An adder comes into view.
Ijyb hits you with a club. The gnoll closely misses you.
Ijyb hits you with a club.
The gnoll drinks a potion.
The gnoll suddenly seems more agile.
The gnoll hits you from afar with a halberd!
* * * LOW HITPOINT WARNING * * *
Casting: Ensorcelled Hibernation
Confirm with . or Enter, or press ? or * to list all spells.
Okay, then.
It was a potion of haste.
You feel yourself speed up.
Ijyb zaps a wand.
You easily resist.
It is a wand of polymorph (?/24).
The gnoll hits you from afar with a halberd!
You die...

#######.# #.....#.#
#.#####.###.#.#
#.....g..S#.#.#
#..#.#####g#.....#
#.b......g@#.#...#
).........#†#.#...#
..........#.#.#...#
...#####..#.#.....# ..
####..#.####..# .
#.....#......g# #
##########.....######.##.#
.........................# .
##########...######.#.####.#
#.


You could see Ijyb and 2 gnolls.

Vanquished Creatures
  Jessica (D:3)
  Natasha (thrice) (D:2)
  A gnoll (D:3)
  4 adders
  A worm (D:2)
  4 dart slugs
  A leopard gecko (D:2)
  6 orcs (D:3)
  6 bats
  2 giant cockroaches
  6 goblins
  6 hobgoblins
  3 jackals (D:3)
  11 kobolds
  A quokka (D:3)
  3 frilled lizards
  4 rats
63 creatures vanquished.

Notes
Turn   | Place    | Note
-------+----------+-------------------------------------------
     0 | D:1      | Murumi the Naga Enchanter began the quest for the Orb.
     0 | D:1      | Reached XP level 1. HP: 15/15 MP: 3/3
    34 | D:1      | Reached skill level 5 in Stealth
   315 | D:1      | Reached XP level 2. HP: 3/22 MP: 5/5
   626 | D:1      | Learned a level 2 spell: Ensorcelled Hibernation
   905 | D:1      | Reached XP level 3. HP: 28/28 MP: 6/6
  1668 | D:2      | Noticed Natasha
  1675 | D:2      | Killed Natasha
  1675 | D:2      | Reached skill level 1 in Fighting
  1675 | D:2      | Reached XP level 4. HP: 39/39 MP: 5/8
  1990 | D:2      | Noticed Natasha
  1999 | D:2      | Killed Natasha
  1999 | D:2      | Reached skill level 6 in Stealth
  1999 | D:2      | Reached XP level 5. HP: 44/45 MP: 0/9
  2206 | D:2      | Noticed Natasha
  2220 | D:2      | Killed Natasha
  2557 | D:2      | Found a stormy altar of Qazlal.
  2862 | D:3      | Reached skill level 7 in Stealth
  3076 | D:3      | Noticed Jessica
  3083 | D:3      | Killed Jessica
  3139 | D:3      | Noticed Ijyb
  3208 | D:3      | Reached skill level 8 in Stealth
  3208 | D:3      | Reached XP level 6. HP: 17/52 MP: 7/10
  3247 | D:3      | Slain by a gnoll

Vault maps used:
D:1:      minmay_arrival_diagonal_passages, minivault_27
D:2:      lemuel_coloured_pillars_altar, uniq_natasha
D:3:      first_bread, serial_glass, glass_columns_b, glass_columns_a,
          uniq_jessica, uniq_iyjb

Skill      XL: |  1  2  3  4  5 |
---------------+----------------+-----
Stealth        | 5 6 8 |  8.0
Dodging        | 2 |  2.0
Spellcasting   | 3 |  3.0
Fighting       | 1 2 |  2.0
Short Blades   | |  1.0
Hexes          | |  3.0

Action                   |  1- 3 |  4- 6 || total
-------------------------+-------+-------++-------
Melee: Dagger            |    85 |    84 ||   169
 Cast: Ensorcelled Hiber |     3 |     5 ||     8
 Abil: Spit Poison       |     9 |     1 ||    10
  Use: Scroll            |     2 |     3 ||     5
       Potion            |       |     1 ||     1
 Stab: Sleeping          |     6 |     7 ||    13
       Distracted        |     1 |       ||     1
  Eat: Chunk             |     2 |     5 ||     7
Armor: Robe              |    13 |    10 ||    23
Dodge: Dodged            |    58 |    44 ||   102
